 Dungeon Crawl Stone Soup version 0.32-a0-685-g93135e86f0 (console) character file.

Game seed: 557303321515013227

92 zenocrate the Digger (level 4, -1/28 HPs)
             Began as an Octopode Earth Elementalist on Mar 12, 2024.
             Slain by a cerulean imp
             ... wielding a +0 spear
             ... summoned by Natasha
              (3 damage)
             ... on level 2 of the Dungeon.
             The game lasted 00:02:30 (1281 turns).

zenocrate the Digger (Octopode Earth Elementalist)  Turns: 1281, Time: 00:02:30

Health: -1/28      AC:  1    Str:  7    XL:     4   Next: 60%
Magic:  6/8        EV: 13    Int: 19    God:
Gold:   84         SH:  0    Dex: 12    Spells: 0/8 levels left

rFire   . . .        a - +0 short sword
rCold   . . .        (no shield)
rNeg    . . .        (helmet restricted)
rPois   .            (no amulet)
rElec   .            f - ring of flight
rCorr   .            (no ring)
SInv    .            (no ring)
Will    .....        (no ring)
Stlth   +++          (no ring)
HPRegen 0.24/turn    (no ring)
MPRegen 0.11/turn    (no ring)
                     (no ring)

%: no passive effects
@: lethally poisoned (-1 -> -1), flying
A: almost no armour, amphibious, 8 rings, camouflage 1, gelatinous body 1,
(nimble swimmer 1), tentacles
a: no special abilities


You were on level 2 of the Dungeon.
You visited 1 branch of the dungeon, and saw 2 of its levels.

You collected 84 gold pieces.

Inventory:

Hand Weapons
 a - a +0 short sword (weapon)
Jewellery
 f - a ring of flight (left tentacle)
Scrolls
 c - a scroll of poison {unknown}
 e - a scroll of fear {unknown}
 g - a scroll of enchant armour {unknown}
 h - a scroll of vulnerability {unknown}
Potions
 b - 2 potions of curing {unknown}
 d - a potion of magic


   Skills:
 - Level 1.1 Fighting
 + Level 2.3 Dodging
 - Level 2.6 Stealth
 + Level 2.8 Spellcasting
 + Level 2.2 Conjurations
 + Level 3.6 Earth Magic


You couldn't memorise any spells.
You knew the following spells:

 Your Spells              Type           Power      Damage    Failure   Level
a - Sandblast             Erth           32%        2d9       3%          1
b - Stone Arrow           Conj/Erth      26%        3d8       14%         3
c - Brom's Barrelling Bo  Conj/Erth      13%        2d4       43%         4

Your spell library contained the following spells:

 Spells                   Type           Power      Damage    Failure   Level
 Passwall                 Erth           16%        N/A       11%         3
 Petrify                  Alch/Erth      9%         N/A       58%         4


Dungeon Overview and Level Annotations

Branches:
Dungeon (2/15)

Altars:
Xom

Annotations:
D:2 Natasha


Innate Abilities, Weirdness & Mutations

You cannot wear most types of armour.
You are amphibious.
You can wear up to eight rings at the same time.
Your skin changes colour to match your surroundings (Stealth+).
Your rubbery body absorbs attacks. (AC +1, EV +1)
((You are camouflaged when in or above water. (Stealth+)))
You have tentacles for arms and can constrict up to eight enemies at once.


Message History

You see here a +0 short sword.
A giant cockroach and an adder come into view.
Natasha and a hobgoblin come into view.
Natasha hisses angrily.
The adder hisses angrily.
The adder barely misses you. x2
You barely miss the adder.
The hobgoblin shouts!
Your grab misses the adder. The adder closely misses you.
Natasha howls an incantation.
You feel troubled.
Natasha casts a spell.
Casting: Sandblast (safe; 3% risk of failure)
Confirm with . or Enter, or press ? or * to list all spells.
Aiming: Sandblast (safe; 3% risk of failure)
Press: ? - help, Shift-Dir - straight line, f - adder
Aim: an adder (70% to hit)
The blast of sand misses the adder.
The adder bites you.
You are poisoned.
The adder poisons you! The adder misses you. Natasha claws you.
The giant cockroach closely misses you.
Unknown command.
You miss the adder. You grab the adder. You constrict the adder.
You feel sick. The cerulean imp completely misses you. The adder bites you.
The giant cockroach barely misses you. Natasha closely misses you.
Unknown command.
Casting: Sandblast (safe; 3% risk of failure)
Confirm with . or Enter, or press ? or * to list all spells.
Aiming: Sandblast (safe; 3% risk of failure)
Press: ? - help, Shift-Dir - straight line, f - Natasha, p - adder
Aim: Natasha (77% to hit)
The blast of sand hits Natasha!
Natasha is heavily wounded.
You constrict the adder.
You feel sick. The adder barely misses you.
The cerulean imp hits you from afar with a +0 spear.
The giant cockroach closely misses you. The adder misses you.
Natasha claws you.
* * * LOW HITPOINT WARNING * * *
The hobgoblin hits you.
* * * LOW HITPOINT WARNING * * *
The cerulean imp hits you from afar with a +0 spear.
You die...

..........# #.#
#.....####.##
..........# #.#
#............
..........# #+#
###'##.......
..).......# ....#
#..#.......
.†........# #...#
##.........
.......<..# #...#
###.##....
..........# #...#
#.....##
######.##.# #...#
###..... #...##.#
#.5.# ####..###
#.####.#+###.hg##
#...>....
#.....)......@S.#
#........
#.#####......B..#
#........ #.#
#.........#
+........ #.#
#.........#
#........ #.#
#.........#
#........ #.#
+.........#
##.###### #.#
#.........# #. #.
#.........#
#........


You could see Natasha, a cerulean imp (summoned), an adder, a giant cockroach
and a hobgoblin.

Vanquished Creatures
  Jessica (D:2)
  An adder (D:2)
  3 dart slugs
  7 endoplasms
  A giant cockroach (D:2)
  9 goblins
  4 hobgoblins (D:1)
  3 jackals (D:1)
  3 kobolds
  5 ball pythons
  3 bats
  3 frilled lizards (D:1)
  A rat (D:1)
44 creatures vanquished.

Notes
Turn   | Place    | Note
-------+----------+-------------------------------------------
     0 | D:1      | zenocrate the Octopode Earth Elementalist began the quest
                  | for the Orb.
     0 | D:1      | Reached XP level 1. HP: 11/11 MP: 3/3
   224 | D:1      | Reached XP level 2. HP: 13/17 MP: 0/5
   418 | D:1      | Reached XP level 3. HP: 22/22 MP: 6/6
   422 | D:1      | Learned a level 3 spell: Stone Arrow
   616 | D:1      | Reached skill level 1 in Fighting
  1051 | D:2      | Reached XP level 4. HP: 26/28 MP: 7/7
  1075 | D:2      | Learned a level 4 spell: Brom's Barrelling Boulder
  1075 | D:2      | Found a shimmering altar of Xom.
  1090 | D:2      | Noticed Jessica
  1104 | D:2      | Killed Jessica
  1275 | D:2      | Noticed Natasha
  1281 | D:2      | Slain by a cerulean imp

Illustrated notes

Levels and vault maps discovered:
D:1:      giann_forest_graveyard, layout_loops_ring, st_stairs_6
D:2:      layout_basic, basic_altar, serial_bayou_ford_a,
          minmay_misc_feat_alley, uniq_natasha, uniq_jessica,
          uniq_crazy_yiuf_cottage

Skill      XL: |  1  2  3 |
---------------+----------+-----
Fighting       | 1 |  1.1
Conjurations   | 2 |  2.2
Dodging        | |  2.3
Stealth        | |  2.6
Spellcasting   | |  2.8
Earth Magic    | |  3.6

Action                     |  1- 3 |  4- 6 || total
---------------------------+-------+-------++-------
  Melee: Unarmed           |     5 |       ||     5
         Dagger            |    22 |       ||    22
         Constrict         |    13 |     3 ||    16
         Tentacles         |    16 |     1 ||    17
         Short sword       |    37 |     7 ||    44
   Cast: Sandblast         |     6 |     9 ||    15
   Stab: Sleeping          |     9 |     1 ||    10
 Armour: Skin              |    18 |     9 ||    27
  Dodge: Dodged            |    27 |    14 ||    41

Table legend: (Time is in decaauts)
 A = Elapsed time spent in this place.
 B = Non-inter-level travel time spent in this place.
 C = Inter-level travel time spent in this place.
 D = Time resting spent in this place.
 E = Time spent auto-exploring this place.
 F = Levels seen in this place.
 G = Mean time per level.
                   A        B        C        D        E       F      G
               +--------+--------+--------+--------+--------+-----+--------+
         Total |   1286 |   1248 |     38 |      6 |    953 |   2 |  643.0 |
       Dungeon |   1286 |   1248 |     38 |      6 |    953 |   2 |  643.0 |
               +--------+--------+--------+--------+--------+-----+--------+

Top non-repeatable levels by time:
     D:1: 933 daAuts
     D:2: 352 daAuts
